[Event "*** SCC Grand Prix: Titled Tuesday Blitz"]
[Site "Chess.com"]
[Date "2020.09.29"]
[Round "5"]
[White "Schandenfreude"]
[Black "KacperPolOK"]
[Result "1-0"]
[WhiteElo "2573"]
[BlackElo "2382"]
[TimeControl "180+1"]
[EndTime "10:55:34 PDT"]
[Termination "Schandenfreude won by resignation"]

1. d4 e6 2. Nf3 f5 3. Bg5 Nf6 4.
e3 Be7 5. c4 O-O 6. Nc3 h6 7. Bxf6 Bxf6 8. Bd3 d6 9. e4 Nc6 10.
exf5 Nxd4 11. O-O Nxf3+ 12. Qxf3 Bxc3 13. bxc3 exf5 14. c5 f4 15. cxd6 Qxd6 16. Rad1 Qf6 17. Rfe1 c6 18. h3 Be6 19. Qe4 Bf5 20. Qxf4 Bxd3 21.
Qxf6 Rxf6 22. Rxd3 Raf8 23. f3 R8f7 24. Rd8+ Kh7 25.
Kf2 Rf4 26. Ree8 Ra4 27. Rh8+ Kg6 28. Rd6+ Kf5 29. g4+ Ke5 30. Rd2 Re7 31. Re2+ Kf6 32. Rf8+ Rf7 33. Rfe8 g6 34. Rg8 Ra3 35. Rc2 a5 36. h4 b5 37. Rc8 Kg7 38. Rxc6 b4 39.
Kg2 a4 40. cxb4 Rfxf3 41. Rc7+ Kf6 42. R7c6+ Ke5 43. R6c5+ Kd4 44. R2c4+ Kd3 45. Kxf3 1-0

[Event "*** SCC Grand Prix: Titled Tuesday Blitz"]
[Site "Chess.com"]
[Date "2020.09.29"]
[Round "5"]
[White "OlaaLa"]
[Black "gixfantastix"]
[Result "1-0"]
[WhiteElo "2323"]
[BlackElo "2080"]
[TimeControl "180+1"]
[EndTime "10:55:34 PDT"]
[Termination "OlaaLa won on time"]

1. e4 g6 2. d3 Bg7 3. Nf3 c5 4. Nbd2 e6 5. g3 Ne7 6. Bg2 Nbc6 7. O-O O-O 8. Re1 b6 9. c3 Bb7 10. Nf1 Re8 11. h4 a5 12. g4 a4 13. a3 Na5 14.
Bg5 Nb3 15. Rb1 Qc7 16. h5 b5 17. Ng3 b4 18. cxb4 cxb4 19. d4 Qc4 20. Bf1 Qc7 21.
axb4 Qb6 22. b5 Nxd4 23. Nxd4 Bxd4 24. Be3 Bxe3 25. Rxe3 d5 26. e5 d4 27. Rd3 Red8 28. Qd2 Qxb5 29. Qf4 Qc6 30. Rc1 Nd5 31. Qg5 Qb6 32.
Bg2 Qxb2 33. h6 Rac8 34. Rcd1 Qb4 35. Ne4 Qe7 36. Qxe7 Nxe7 37. Nf6+ Kh8 38. Bxb7 Rb8 39. Be4 a3 40. Rxa3 d3 41. Raxd3 Rxd3 42. Rxd3 g5 43. Rd7 Ng6 44. Rxf7 1-0

[Event "*** SCC Grand Prix: Titled Tuesday Blitz"]
[Site "Chess.com"]
[Date "2020.09.29"]
[Round "5"]
[White "GM_Levan_Pantsulaia"]
[Black "lachesisQ"]
[Result "0-1"]
[WhiteElo "2841"]
[BlackElo "3113"]
[TimeControl "180+1"]
[EndTime "10:55:36 PDT"]
[Termination "lachesisQ won by resignation"]

1. Nf3 b6 2. g3 Bb7 3. Bg2 g6 4. O-O Bg7 5. c4 c5 6. Nc3 Nh6 7. e3 O-O 8. d4 cxd4 9. exd4 Nf5 10. d5 Na6 11. Bd2 Rc8 12. b3 Nc5 13. Rb1 e6 14. g4 Nd6 15. Re1 exd5 16. Bg5 f6 17. Bf4 Nde4 18. Nxd5 f5 19. g5 Ne6 20.
h4 Kh8 21. Bh2 b5 22. cxb5 Rc5 23. Ne3 Nc3 24. Qd2 Nxb1 25. Rxb1 Rxb5 26. Nc4 Be4 27. Re1 Rd5 28. Qc1 Qa8 29. Ncd2 Rxd2 30. Qxd2 Bxf3 31.
Bxf3 Qxf3 32. Qxd7 Qg4+ 33. Kh1 Nf4 34. Qb7 Nd3 35. Rf1 Qxh4 36. Qd5 Nxf2+ 37. Kg2 Ne4 38. Bf4 Qg4+ 39. Kh2 Qe2+ 40. Kg1 Qg4+ 41. Kh2 Nxg5 42.
Bd6 Qh3+ 43. Kg1 Qg4+ 44. Kh2 Re8 45. Rf2 Qh3+ 0-1

[Event "*** SCC Grand Prix: Titled Tuesday Blitz"]
[Site "Chess.com"]
[Date "2020.09.29"]
[Round "5"]
[White "Mbneu"]
[Black "GianmarcoVaR"]
[Result "0-1"]
[WhiteElo "2292"]
[BlackElo "2534"]
[TimeControl "180+1"]
[EndTime "10:55:36 PDT"]
[Termination "GianmarcoVaR won on time"]

1. d4 d5 2. c4 e6 3. Nc3 Nf6 4. Nf3 dxc4 5. g3 b6 6. Bg2 Bb7 7. Qa4+ Nbd7 8. Qxc4 Be7 9. O-O a6 10. Bf4 Rc8 11. Rac1 O-O 12. Rfd1 c5 13. dxc5 Bxc5 14. Qd3 b5 15. Ne5 Nxe5 16. Qxd8 Rcxd8 17. Bxb7 Neg4 18. e3 e5 19. Bg5 b4 20. Rxd8 Rxd8 21. Ne4 Be7 22.
h3 h6 23. Bh4 g5 24. hxg4 Nxe4 25. Bxe4 gxh4 26. gxh4 Bxh4 27. Kg2 a5 28. Kf3 Kg7 29.
Rc2 a4 30. Bc6 b3 31. axb3 axb3 32. Re2 Kf6 33. Ke4 Kg5 34. f3 Bg3 35. Bd5 h5 36.
gxh5 f5+ 37. Kd3 Rxd5+ 38. Kc4 Rd1 39. Rg2 Kh4 40. h6 Rd6 0-1

[Event "*** SCC Grand Prix: Titled Tuesday Blitz"]
[Site "Chess.com"]
[Date "2020.09.29"]
[Round "5"]
[White "Atakishiyev04"]
[Black "grunbergmihai"]
[Result "1-0"]
[WhiteElo "2697"]
[BlackElo "2466"]
[TimeControl "180+1"]
[EndTime "10:55:37 PDT"]
[Termination "Atakishiyev04 won by resignation"]

1. d4 f5 2. Nf3 Nf6 3. g3 g6 4. Bg2 Bg7 5. O-O O-O 6. c4 c6 7. Nc3 d6 8. d5 Bd7 9. Nd4 Qb6 10.
Rb1 a5 11. h3 Na6 12. Be3 Nc5 13. b3 Qc7 14. a3 e5 15. dxe6 Nxe6 16. Qd2 Rfe8 17.
Rfd1 Rad8 18. Nxe6 Bxe6 19. Na4 Ra8 20. Qxd6 Qxd6 21.
Rxd6 Bf8 22. Rd2 Bxa3 23. Bc5 Bxc5 24. Nxc5 Bc8 25. Rbd1 Kf7 26. Na4 Be6 27. Nc5 Ra7 28.
Rd6 Bc8 29. e3 Ra8 30. Na4 Rb8 31. Nc5 Ke7 32. R6d2 Be6 33. Nxe6 Kxe6 34. Ra1 Ra8 35. Rda2 Red8 36. b4 Ne4 37. bxa5 Ra7 38. a6 b6 39. Rb2 Rb8 40. Bxe4 fxe4 41. c5 b5 42. Rd2 Rd7 43. Rxd7 Kxd7 44. Rd1+ Kc7 45. Rd4 Ra8 46. Rxe4 Rxa6 47.
g4 Ra1+ 48. Kg2 Rc1 49. Re7+ Kc8 50. f4 b4 51. Re8+ Kb7 52. Re4 Rb1 53. f5 gxf5 54. gxf5 b3 55. f6 b2 56. Rb4+ Kc7 57. f7 1-0

[Event "*** SCC Grand Prix: Titled Tuesday Blitz"]
[Site "Chess.com"]
[Date "2020.09.29"]
[Round "5"]
[White "Morshynska"]
[Black "Xeniya2005"]
[Result "0-1"]
[WhiteElo "2202"]
[BlackElo "2383"]
[TimeControl "180+1"]
[EndTime "10:55:37 PDT"]
[Termination "Xeniya2005 won on time"]

1. Nf3 Nf6 2. g3 d5 3. Bg2 g6 4. b3 Bg7 5. Bb2 O-O 6. O-O c5 7. e3 Nc6 8. Ne5 Nxe5 9. Bxe5 e6 10. Qc1 b6 11. Qb2 Bb7 12. d4 Rc8 13.
Rd1 Qe7 14. Nd2 Ne8 15. Bxg7 Nxg7 16. c4 cxd4 17. Qxd4 Nf5 18. Qb2 dxc4 19. Nxc4 Bxg2 20. Kxg2 Rfd8 21. Qe5 f6 22. Qe4 Kg7 23. a4 Kf7 24. g4 Nd6 25. Nxd6+ Rxd6 26. Qf4 e5 27. Qh6 Kg8 28. Rac1 Qb7+ 29. Kg3 Rcd8 30. Rxd6 Rxd6 31. h4 a6 32. h5 g5 33. Rc4 b5 34. Rc5 Qd7 35. axb5 axb5 36. b4 Re6 0-1

[Event "*** SCC Grand Prix: Titled Tuesday Blitz"]
[Site "Chess.com"]
[Date "2020.09.29"]
[Round "5"]
[White "Zarinur"]
[Black "SergeyShtyka"]
[Result "0-1"]
[WhiteElo "2199"]
[BlackElo "2454"]
[TimeControl "180+1"]
[EndTime "10:55:38 PDT"]
[Termination "SergeyShtyka won by checkmate"]

1. e4 c5 2. Nf3 d6 3. Bb5+ Nd7 4. O-O a6 5. Bxd7+ Bxd7 6. d4 cxd4 7. Qxd4 e5 8. Qd3 Nf6 9. c4 Be7 10. Bg5 Be6 11.
Nc3 O-O 12. Rad1 Qc7 13. b3 Rfd8 14. h3 Rac8 15. Rfe1 b5 16. Bxf6 Bxf6 17. Nd5 bxc4 18.
Nxf6+ gxf6 19. Qe3 cxb3 20. axb3 Kg7 21. Rc1 Qb7 22.
Rb1 Qb4 23. Nd2 Qc3 24. Qe2 a5 25. Nf1 Qc7 26. Ne3 Qe7 27. Qh5 Kh8 28. g3 Rg8 29.
Kg2 Rg5 30. Qf3 Qd7 31. Qxf6+ Rg7 32. Rh1 Kg8 33. f4 exf4 34. Qxf4 Qb7 35. Rhc1 Rf8 36. Ng4 Bxg4 37. hxg4 Qd7 38. g5 Qe6 39. Rh1 f5 40.
Rh6 Qe7 41. Qxd6 Qxe4+ 42. Kh3 Qxb1 43. Qe6+ Kh8 44. g6 Qh1# 0-1

[Event "*** SCC Grand Prix: Titled Tuesday Blitz"]
[Site "Chess.com"]
[Date "2020.09.29"]
[Round "5"]
[White "Sergienko_Sergey"]
[Black "Margarita2907"]
[Result "1-0"]
[WhiteElo "2363"]
[BlackElo "2184"]
[TimeControl "180+1"]
[EndTime "10:55:38 PDT"]
[Termination "Sergienko_Sergey won by checkmate"]

1. e4 c5 2. Nc3 a6 3. g3 g6 4.
Bg2 Bg7 5. f4 e6 6. Nf3 Ne7 7. O-O O-O 8. d3 Nbc6 9. Be3 b6 10. d4 cxd4 11. Nxd4 Bb7 12. e5 Qc7 13. Ne4 Nxd4 14. Bxd4 Nf5 15. Bf2 Rac8 16. c3 Bxe4 17. Bxe4 d5 18. Bg2 Rfd8 19. Qb3 Rb8 20. Rfd1 b5 21. Rac1 Bf8 22. g4 Ne7 23. Qc2 Nc8 24. Qe2 Bc5 25. Bd4 Nb6 26. Kh1 Bxd4 27. cxd4 Qd7 28.
b3 Rbc8 29. Qd2 Rc6 30. Rxc6 Qxc6 31. Rc1 Qd7 32. h3 Rc8 33. Kh2 Rc6 34. Rxc6 Qxc6 35. Qa5 Kg7 36. Qxa6 b4 37. Qd3 Qc1 38. Qf3 Qc2 39. f5 exf5 40. gxf5 Qxa2 41. e6 fxe6 42. fxe6 Qa7 43. Qf4 Qe7 44. Qe5+ Kf8 45. Qh8# 1-0

[Event "*** SCC Grand Prix: Titled Tuesday Blitz"]
[Site "Chess.com"]
[Date "2020.09.29"]
[Round "5"]
[White "Tactictic"]
[Black "ENajer77"]
[Result "0-1"]
[WhiteElo "2436"]
[BlackElo "2707"]
[TimeControl "180+1"]
[EndTime "10:55:39 PDT"]
[Termination "ENajer77 won on time"]

1. e4 c6 2. d4 d5 3. e5 Bf5 4. h4 h5 5. Bd3 Bxd3 6. Qxd3 Qa5+ 7. Nd2 e6 8. c4 Ne7 9. Nf3 Nf5 10.
O-O Be7 11. g3 Nd7 12. Rd1 Rd8 13. a3 dxc4 14. Nxc4 Qd5 15. Bg5 f6 16. exf6 gxf6 17. Bf4 Nc5 18. Qe2 Nb3 19. Ne3 Nxe3 20. fxe3 Nxa1 21. Rxa1 Qe4 22. Rf1 Rg8 23. Kh2 Bd6 24. Nd2 Qg6 25. Bxd6 Rxd6 26. Qf3 Rd5 27. Ne4 f5 28. Nc3 Rd7 29. Qf4 Qg4 30. Qe5 Re7 31. e4 Qg7 32. Qb8+ Kf7 33. Qd6 Qf6 34. exf5 exf5 35.
Qf4 Ke8 36. d5 c5 37. d6 Re5 38. Kh3 Kd7 39. Rd1 Qe6 40. Nb5 Re3 41. Nc7 Rexg3+ 0-1

[Event "*** SCC Grand Prix: Titled Tuesday Blitz"]
[Site "Chess.com"]
[Date "2020.09.29"]
[Round "5"]
[White "Fischerev7"]
[Black "juancruzarias"]
[Result "0-1"]
[WhiteElo "2351"]
[BlackElo "2511"]
[TimeControl "180+1"]
[EndTime "10:55:40 PDT"]
[Termination "juancruzarias won by resignation"]

1. e4 e6 2. d4 d5 3. Nc3 Nf6 4. Bg5 Bb4 5. e5 h6 6. Bd2 Bxc3 7. bxc3 Ne4 8. Qg4 Kf8 9. Bd3 Nxd2 10. Kxd2 c5 11.
Qf4 c4 12. Be2 Nc6 13. Nf3 b5 14. a3 a5 15. Rhb1 Rb8 16. g4 Qe7 17. h4 Ke8 18. h5 Kd8 19. g5 b4 20. axb4 axb4 21. cxb4 Rxb4 22. c3 Rxb1 23. Rxb1 Kc7 24. Ke1 Bd7 25. Kf1 Be8 26. Kg2 hxg5 27. Qxg5 Qxg5+ 28. Nxg5 Nd8 29. Nh3 f6 30. exf6 gxf6 31. Nf4 Bf7 32. Bf3 Nc6 33. Rh1 Kd6 34. Kg3 e5 35. dxe5+ fxe5 36. Ng6 Bxg6 37. hxg6 Rxh1 38. Bxh1 Ne7 39. g7 Nf5+ 40. Kg4 Nxg7 41. f4 e4 42. Bg2 Ne6 43. Kf5 Nc5 44.
Kf6 Na4 45. f5 Nxc3 46. Bf1 e3 47. Kg7 e2 48. Bxe2 Nxe2 49. f6 Nf4 50. f7 Ne6+ 51. Kf6 c3 0-1

[Event "*** SCC Grand Prix: Titled Tuesday Blitz"]
[Site "Chess.com"]
[Date "2020.09.29"]
[Round "5"]
[White "LubovMarkelova"]
[Black "teacher4chess"]
[Result "1-0"]
[WhiteElo "2221"]
[BlackElo "2004"]
[TimeControl "180+1"]
[EndTime "10:55:40 PDT"]
[Termination "LubovMarkelova won on time"]

1. Nf3 d5 2. d4 Nf6 3. c4 c6 4.
e3 Bg4 5. h3 Bxf3 6. Qxf3 e6 7.
Nc3 Bb4 8. Bd3 O-O 9. O-O Nbd7 10. e4 Bxc3 11. bxc3 dxe4 12. Bxe4 Nxe4 13. Qxe4 Nf6 14. Qe5 Nd7 15. Qg3 Qf6 16. Rb1 Rab8 17. Bg5 Qg6 18.
Bf4 e5 19. Bxe5 Nxe5 20. Qxe5 Qc2 21. Qe3 Qxa2 22. c5 Qd5 23. Rfe1 h6 24. Qe7 Qc4 25. Re3 Rbe8 26. Qxe8 Rxe8 27. Rxe8+ Kh7 28. Re3 Qa6 29. Kh2 b6 30. cxb6 axb6 31. Re7 Kg6 32. Rb4 b5 33. Rb1 Qa2 34. Rbe1 Qxf2 35. R1e4 f5 36.
R4e6+ Kh7 37. Re3 Qf4+ 38. Rg3 h5 39. Rxg7+ Kh8 40. Kg1 Qc1+ 41. Kf2 Qf4+ 42. Ke2 Qe4+ 43. Kd2 Qf4+ 44. Kc2 Qf2+ 45. Kb3 Qe1 46. Rg8+ Kh7 47.
R3g7+ Kh6 48. Kb4 1-0

[Event "*** SCC Grand Prix: Titled Tuesday Blitz"]
[Site "Chess.com"]
[Date "2020.09.29"]
[Round "5"]
[White "SRDR8290"]
[Black "Misticpikachu"]
[Result "1-0"]
[WhiteElo "2470"]
[BlackElo "2311"]
[TimeControl "180+1"]
[EndTime "10:55:41 PDT"]
[Termination "SRDR8290 won on time"]

1. d4 d5 2. c4 e6 3. Nc3 Nf6 4. Bg5 Be7 5. e3 O-O 6. Nf3 b6 7. Bxf6 Bxf6 8. cxd5 exd5 9. Bd3 Be6 10. O-O c5 11. dxc5 bxc5 12. Rc1 Nc6 13. b3 Qa5 14. Na4 Be7 15. Bb1 g6 16. Qd2 Qxd2 17. Nxd2 c4 18.
bxc4 Ba3 19. Rc3 Bb4 20. cxd5 Bxd5 21. Rd3 Rfd8 22. Nb3 a5 23. Rfd1 Bc4 24. Rxd8+ Rxd8 25. Rxd8+ Nxd8 26. Nb6 Be6 27. Be4 Kf8 28. Kf1 Ke7 29. Ke2 Kd6 30. Kd3 Nc6 31. Nc4+ Kc7 32. Bxc6 Kxc6 33. Ncxa5+ Kb5 34. Nb7 Be7 35. Nd4+ Kb6 36. Nxe6 fxe6 37. Ke4 Kxb7 38. Ke5 Ba3 39. Kxe6 Kc6 40.
Kf7 Bb4 41. Kg7 Be1 42. f3 Bf2 43. e4 g5 44. Kxh7 Bg1 45. h3 Be3 46. Kg6 Kd6 47. Kf5 Bf4 48. h4 Bd2 49. hxg5 Ke7 50. g6 Kf8 51. a4 Ba5 52. e5 Kg7 53. f4 Bb4 54. Kg5 Bd2 55. g3 Bb4 56. f5 Bd2+ 57. Kh5 Bc3 58.
f6+ Kg8 59. f7+ Kg7 60. e6 Bb4 61. a5 Bxa5 62. e7 1-0

[Event "*** SCC Grand Prix: Titled Tuesday Blitz"]
[Site "Chess.com"]
[Date "2020.09.29"]
[Round "5"]
[White "Aleksey_Sorokin"]
[Black "keepitcool9499"]
[Result "1/2-1/2"]
[WhiteElo "2811"]
[BlackElo "2620"]
[TimeControl "180+1"]
[EndTime "10:55:42 PDT"]
[Termination "Game drawn - insufficient material"]

1. d4 e6 2. c4 Nf6 3. Nf3 d5 4. g3 Be7 5. Bg2 O-O 6. Qc2 b6 7. O-O Bb7 8. Ne5 Nbd7 9. Nc3 c5 10. Nxd7 Qxd7 11. cxd5 Nxd5 12. dxc5 Bxc5 13. Rd1 Qe7 14. Nxd5 exd5 15. Bxd5 Rac8 16. e3 Bxe3 17. Qe2 Bxd5 18. Rxd5 Qe6 19. Rd1 Bc5 20. Qxe6 fxe6 21. Rd2 h6 22.
Kg2 Rcd8 23. f3 Kf7 24. h4 Rd4 25. Kf1 e5 26. Ke2 Ke6 27. Rxd4 Bxd4 28. Rb1 Rc8 29. Kd3 Kd5 30. Bd2 Rf8 31. Ke2 e4 32. fxe4+ Kxe4 33. Bf4 g5 34. hxg5 hxg5 35. Bxg5 Rf2+ 36. Ke1 Rg2 37. Rd1 Rxg3 38. Be7 Ke3 39. Kf1 Rg4 40.
Bd6 Bxb2 41. Bh2 Bd4 42. Bg1+ Kf3 43. Rxd4 Rxd4 44. Bxd4 Ke4 45. Bg7 Kd3 46. Ke1 Kc4 47. a3 Kb3 48. Bf8 a5 49. Kd2 b5 50. Kd3 b4 51. Bxb4 axb4 52. axb4 Kxb4 1/2-1/2

[Event "*** SCC Grand Prix: Titled Tuesday Blitz"]
[Site "Chess.com"]
[Date "2020.09.29"]
[Round "5"]
[White "cassoulet"]
[Black "AsaHoffmann"]
[Result "1-0"]
[WhiteElo "2635"]
[BlackElo "2400"]
[TimeControl "180+1"]
[EndTime "10:55:42 PDT"]
[Termination "cassoulet won on time"]

1. d4 Nf6 2. c4 c5 3. d5 e5 4. Nc3 d6 5. Bg5 Be7 6. Bxf6 Bxf6 7. e4 Bg5 8. Be2 Nd7 9. Bg4 Nf6 10. Bxc8 Qxc8 11.
Nf3 Bh6 12. h3 a6 13. O-O O-O 14. Nh4 g6 15. Qd3 Nh5 16. Ne2 Qd7 17. Kh2 b5 18. cxb5 axb5 19. a3 Ra4 20. Rae1 b4 21. Qf3 bxa3 22. bxa3 Bg5 23. Nf5 Nf4 24. Nfg3 h5 25. Ra1 h4 26. Nh1 Rfa8 27. Nxf4 Bxf4+ 28. g3 hxg3+ 29. fxg3 Bh6 30. Nf2 Bg7 31. Ng4 f5 32.
exf5 gxf5 33. Ne3 f4 34. gxf4 Rxf4 35. Qg3 Rxf1 36. Rxf1 Rxa3 37. Qg5 Ra2+ 38. Kg3 Ra3 39. Kg2 Ra2+ 40. Rf2 Rxf2+ 41. Kxf2 Qxh3 42. Nf5 Qh7 43. Qd8+ Kf7 44. Nxd6+ Kg6 45. Qe8+ Kg5 46. Qe7+ Kg4 47. Qe6+ Kf4 48. Qf7+ Kg4 49. Qf3+ Kg5 50. Ne4+ Kg6 51.
Qg4+ Kf7 52. Ng5+ Kg8 53. Nxh7 1-0

[Event "*** SCC Grand Prix: Titled Tuesday Blitz"]
[Site "Chess.com"]
[Date "2020.09.29"]
[Round "5"]
[White "moventog"]
[Black "WiktoriaPOL"]
[Result "1-0"]
[WhiteElo "2236"]
[BlackElo "2043"]
[TimeControl "180+1"]
[EndTime "10:55:42 PDT"]
[Termination "moventog won on time"]

1. d4 Nf6 2. Nc3 d5 3. Bf4 e6 4. e3 c5 5. Nb5 Na6 6. c3 c4 7. Nf3 Qb6 8. a4 Bd7 9. b3 Bxb5 10. axb5 Qxb5 11. bxc4 dxc4 12. Qa4 Qxa4 13. Rxa4 Rc8 14. Bxc4 Nd5 15. Bxa6 bxa6 16. c4 Nb6 17. Rxa6 Rxc4 18.
O-O Be7 19. Rxa7 Nc8 20. Rb7 O-O 21. Ne5 Rc2 22. h3 Bd6 23. Rfb1 Bxe5 24. Bxe5 f6 25. Bg3 Rd8 26. Rc7 Rxc7 27. Bxc7 Rd7 28. Bg3 Nd6 29. Rb6 Nc4 30. Rxe6 Kf7 31. Ra6 Nd2 32. Rc6 Ne4 33.
Rc7 Rxc7 34. Bxc7 Ke6 35. f3 Nd2 36. Kf2 Nc4 37. Bb8 Kd7 38. Ke2 Kc8 39. Bg3 Kd7 40. Kd3 Nb6 41. Ke4 Ke6 42. h4 f5+ 43. Kd3 Kd5 44.
e4+ fxe4+ 45. fxe4+ Ke6 46. d5+ Kd7 47. Kd4 h6 48. e5 g5 49. e6+ Kd8 50. hxg5 hxg5 51. d6 Ke8 52. Ke5 1-0

[Event "*** SCC Grand Prix: Titled Tuesday Blitz"]
[Site "Chess.com"]
[Date "2020.09.29"]
[Round "5"]
[White "Anton_Demchenko"]
[Black "KyronGriffith"]
[Result "1-0"]
[WhiteElo "2819"]
[BlackElo "2515"]
[TimeControl "180+1"]
[EndTime "10:55:43 PDT"]
[Termination "Anton_Demchenko won by resignation"]

1. e4 c6 2. d4 d5 3. Nc3 dxe4 4.
Nxe4 Nf6 5. Nxf6+ exf6 6. Nf3 Bd6 7. Bd3 O-O 8. O-O Bg4 9. h3 Bh5 10. Bf5 Bg6 11. Bxg6 hxg6 12. c4 Na6 13. Be3 Qd7 14.
a3 g5 15. Nd2 Nc7 16. Qf3 Rfe8 17. Rfd1 Ne6 18. Ne4 Bf4 19. Nc3 Bxe3 20. fxe3 Nf8 21. Rd3 Ng6 22. Rad1 Rad8 23. b4 Qe6 24. c5 Qc4 25.
Qf1 Qb3 26. Ne4 Qd5 27. Nd6 Re7 28. e4 Rxe4 29. Nxe4 Qxe4 30. Re1 Qd5 31. Rd2 f5 32. Qf3 Qd7 33. Rf1 f4 34. Re1 Nh4 35. Qg4 Qd5 36.
Re5 Qxe5 37. dxe5 Rxd2 38. Qc8+ Kh7 39. Qxb7 Rxg2+ 40. Kf1 Rg3 41. Qxf7 f3 42. Qh5+ Kg8 43. e6 g6 44. Qh6 Rg2 45. e7 Re2 46. Qf8+ Kh7 47. e8=Q 1-0

[Event "*** SCC Grand Prix: Titled Tuesday Blitz"]
[Site "Chess.com"]
[Date "2020.09.29"]
[Round "5"]
[White "PSvidler"]
[Black "Belka1989"]
[Result "1/2-1/2"]
[WhiteElo "2912"]
[BlackElo "2284"]
[TimeControl "180+1"]
[EndTime "10:55:43 PDT"]
[Termination "Game drawn by repetition"]

1. Nf3 d5 2. g3 Nf6 3. Bg2 c6 4. O-O Bf5 5. c4 e6 6. cxd5 exd5 7. d3 Be7 8. Qb3 Qb6 9. Qc2 Nbd7 10. Nc3 O-O 11. e4 dxe4 12. dxe4 Bg6 13. Nh4 Rfe8 14. Nxg6 hxg6 15. Be3 Qa5 16. h3 Bc5 17. Bd2 Qc7 18.
Kh1 Rad8 19. f4 Nh5 20. Ne2 Bb6 21. e5 Nxe5 22. fxe5 Qxe5 23. Rae1 Nxg3+ 24. Nxg3 Qxg3 25. Rxe8+ Rxe8 26. Bf4 Qh4 27. Qb3 Re1 28. Qg3 Qxg3 29. Bxg3 Re2 30. b4 Rxa2 31. b5 Rc2 32. bxc6 bxc6 33.
Be4 Rc3 34. Rf3 Rxf3 35. Bxf3 f5 36. Bxc6 Kf7 37. Bh4 Bd4 38. Bd5+ Kf8 39. Kg2 Bf6 40.
Bf2 a5 41. Bb6 a4 42. Kf3 a3 43. Bc5+ Be7 44. Bd4 Bf6 45. Bb6 g5 46. Be6 g4+ 47.
hxg4 fxg4+ 48. Kxg4 g5 49. Kf5 Bb2 50. Kxg5 Kg7 51.
Bc5 Kh8 52. Bb4 Ba1 53. Kg6 Bd4 54. Ba2 Ba1 55. Bxa3 Bd4 56. Bb3 Ba1 57. Ba2 Bc3 58. Bb3 Ba1 59. Ba2 1/2-1/2

[Event "*** SCC Grand Prix: Titled Tuesday Blitz"]
[Site "Chess.com"]
[Date "2020.09.29"]
[Round "5"]
[White "mortngabriel"]
[Black "krasavetc"]
[Result "0-1"]
[WhiteElo "2451"]
[BlackElo "2327"]
[TimeControl "180+1"]
[EndTime "10:55:43 PDT"]
[Termination "krasavetc won by resignation"]

1. d4 Nf6 2. c4 e6 3. Nf3 d5 4. Nc3 c6 5. e3 Bd6 6. Qc2 Nbd7 7. g4 dxc4 8. Bxc4 O-O 9. g5 Nd5 10. h4 b5 11. Bd3 f5 12. Nxd5 cxd5 13. Bd2 e5 14. Nxe5 Nxe5 15. dxe5 Bxe5 16. O-O-O Be6 17. Kb1 Qb6 18. Qb3 a6 19. Rc1 d4 20. Qb4 Rfd8 21. e4 Rab8 22. Qc5 Qxc5 23. Rxc5 Bd6 24. Rc6 Rbc8 25.
Rhc1 fxe4 26. Bxe4 Kf7 27. Rxa6 Rxc1+ 28. Bxc1 Ke7 29. f4 g6 30. h5 d3 31. Bd2 Bc5 32.
hxg6 hxg6 33. Bxg6 Rh8 34. b3 Bd4 35. Bxd3 Rh1+ 36.
Kc2 Rh2 37. Ra7+ Bd7 38. Ra5 Be3 39. Kc3 Bxd2+ 40. Kd4 Bxa5 0-1

[Event "*** SCC Grand Prix: Titled Tuesday Blitz"]
[Site "Chess.com"]
[Date "2020.09.29"]
[Round "5"]
[White "Sven_Tica"]
[Black "djano"]
[Result "1-0"]
[WhiteElo "2660"]
[BlackElo "2457"]
[TimeControl "180+1"]
[EndTime "10:55:44 PDT"]
[Termination "Sven_Tica won on time"]

1. d4 g6 2. c4 Bg7 3. Nf3 Nf6 4. Nc3 d5 5. Bf4 c5 6. e3 cxd4 7. Nxd4 O-O 8. Be2 dxc4 9. Bxc4 a6 10. O-O Nbd7 11.
Bg3 Nh5 12. Rc1 Nxg3 13. hxg3 Ne5 14. Bb3 Bg4 15. f3 Bd7 16. Qe2 Nc6 17. Nxc6 Bxc6 18. Rfd1 Qa5 19. Nd5 Rfe8 20. Qd2 Qxd2 21. Rxd2 Rac8 22.
Nb6 Rcd8 23. Rcd1 Rxd2 24. Rxd2 e6 25. Kf2 Kf8 26. Ba4 Bxa4 27. Nxa4 Bf6 28. Nc5 Re7 29. Nd7+ Kg7 30. b3 Bc3 31. Rd3 b5 32. e4 b4 33.
e5 f6 34. exf6+ Bxf6 35. Nxf6 Kxf6 36. Rd6 Ke5 37. Rxa6 Kd4 38. Rc6 Ra7 39. Rc4+ Kd3 40. Rxb4 Rxa2+ 41. Kg1 Ra1+ 42. Kh2 Re1 43. g4 e5 44. Kg3 g5 45. Rb7 Kd4 46. Rxh7 Rb1 47. Rb7 e4 48. Rb4+ Kd3 49. Rxe4 Rxb3 50. Re5 1-0

[Event "*** SCC Grand Prix: Titled Tuesday Blitz"]
[Site "Chess.com"]
[Date "2020.09.29"]
[Round "5"]
[White "MatyChess1"]
[Black "Chessbard1972"]
[Result "0-1"]
[WhiteElo "2486"]
[BlackElo "2306"]
[TimeControl "180+1"]
[EndTime "10:55:44 PDT"]
[Termination "Chessbard1972 won on time"]

1. e4 c5 2. Nf3 a6 3. g3 d5 4. exd5 Qxd5 5. Nc3 Qe6+ 6. Ne2 Qf6 7. Bg2 Bg4 8. Nf4 e6 9. O-O Nc6 10. Re1 Be7 11. Nd5 exd5 12. h3 Be6 13. d3 h6 14.
Bf4 g5 15. Bd2 O-O-O 16. a3 Bd6 17. b4 cxb4 18. axb4 Bxb4 19. Bxb4 Nxb4 20. Ne5 Ne7 21. Qb1 Nec6 22. Nxc6 Nxc6 23. Ra4 Qe7 24. c4 Qc7 25. c5 Rhe8 26. Re2 Bf5 27. Rb2 Re7 28. Rb6 Rde8 29. Qb2 Bxd3 30. Qf6 Re6 31. Qc3 Bb5 32. Ra2 d4 33.
Qf3 Bc4 34. Rab2 Bb5 35. Qf5 d3 36. Bd5 Nd4 37. Qg4 Qxc5 38. Bxb7+ Kc7 39. Rxe6 Rxe6 40.
Bg2 Qc1+ 41. Kh2 Qxb2 42. Qh5 Re7 43. Qxh6 Qxf2 44. Qf8 Nf3+ 0-1

[Event "*** SCC Grand Prix: Titled Tuesday Blitz"]
[Site "Chess.com"]
[Date "2020.09.29"]
[Round "5"]
[White "DrMamaliga"]
[Black "ehrenfeld"]
[Result "0-1"]
[WhiteElo "2293"]
[BlackElo "2529"]
[TimeControl "180+1"]
[EndTime "10:55:47 PDT"]
[Termination "ehrenfeld won by resignation"]

1. c4 e5 2. Nc3 d6 3. Nf3 f5 4.
d4 e4 5. Ng5 Be7 6. Nh3 c6 7.
e3 Nf6 8. Nf4 O-O 9. d5 Na6 10.
h4 Nc7 11. Be2 Nd7 12. O-O Ne5 13. g3 Bd7 14. b3 c5 15. Bb2 a6 16. Qd2 Rb8 17. Rfd1 Rf6 18. Kg2 Rh6 19. h5 g5 20.
hxg6 hxg6 21. Rh1 Rxh1 22. Rxh1 Bf6 23. Ne6 Nxe6 24. dxe6 Bxe6 25. Nd5 Bxd5 26. Qxd5+ Kg7 27. Rd1 Nf7 28. Bxf6+ Qxf6 29. Rd2 Qe7 30. a3 Rd8 31. b4 Rc8 32. Rd1 Rc7 33. Rb1 Qe5 34. Qxe5+ Nxe5 35.
bxc5 dxc5 36. Rb6 Kf7 37. g4 Nd7 38. Rd6 Ne5 39. Kg3 Rc6 40. Rd5 Kf6 41. Kf4 g5+ 42. Kg3 fxg4 43. Bxg4 Nxc4 44. Rf5+ Kg6 45. Rf8 Nd6 46.
Be6 c4 47. Kg4 c3 48. Bb3 c2 49. Rg8+ Kf6 50. Rf8+ Ke7 0-1

[Event "*** SCC Grand Prix: Titled Tuesday Blitz"]
[Site "Chess.com"]
[Date "2020.09.29"]
[Round "5"]
[White "Rogarcia1"]
[Black "Trickov"]
[Result "0-1"]
[WhiteElo "2085"]
[BlackElo "2356"]
[TimeControl "180+1"]
[EndTime "10:55:47 PDT"]
[Termination "Trickov won on time"]

1. e4 c5 2. Nf3 d6 3. d4 Nf6 4. Nc3 cxd4 5. Nxd4 a6 6. Nb3 b5 7. a4 b4 8. Nd5 Nxe4 9. Be3 Nd7 10. Qf3 f5 11. Qxf5 Ndf6 12. Nxf6+ Nxf6 13. Qa5 Qxa5 14. Nxa5 Bf5 15. Bd3 Bxd3 16. cxd3 e6 17. Ke2 Kd7 18. Rac1 Be7 19. Nc6 Rhc8 20. Nxb4 Rcb8 21. Nc6 Rxb2+ 22. Kf3 Nd5 23. Bd4 Ra2 24. Bxg7 e5 25. a5 Rg8 26.
Bh6 Rg6 27. Be3 Nxe3 28. Kxe3 Rxg2 29. Nxe7 Kxe7 30. Rc7+ Ke6 31. Rxh7 Rgxf2 32. Rh6+ Kd5 33. d4 Rae2+ 34. Kd3 Rd2+ 35. Kc3 Rxd4 36. Rb1 Rf3+ 37. Kc2 Rg4 38. Rb2 Rf2+ 39. Kb1 Rxb2+ 40. Kxb2 Ra4 41. Kc3 Rxa5 42. h4 Ra3+ 43. Kd2 Rh3 44. Rh8 Ke4 45. h5 Rh2+ 46. Kc3 d5 47. h6 d4+ 48. Kc4 Ke3 49.
h7 e4 0-1